 Dungeon Crawl Stone Soup version 0.32-a0-886-g41c5271027 (webtiles) character file.

Game seed: 12462605928544408021

30 Fractals the Trooper (level 3, -7/29 HPs)
             Began as a Human Wanderer on Apr 2, 2024.
             Killed from afar by Sigmund the steam dragon (18 damage)
             ... with a ball of steam
             ... on level 2 of the Dungeon.
             The game lasted 00:02:52 (1174 turns).

Fractals the Trooper (Human Wanderer)               Turns: 1174, Time: 00:02:53

Health: -7/29      AC:  5    Str: 13    XL:     3   Next: 20%
Magic:  5/5        EV:  8    Int: 11    God:
Gold:   25         SH:  4    Dex: 14    Spells: 4/4 levels left

rFire   . . .        g - +1 dagger (drain)
rCold   . . .        c - +0 buckler
rNeg    . . .        h - +0 ring mail
rPois   .            (no helmet)
rElec   .            (no cloak)
rCorr   .            (no gloves)
SInv    .            (no boots)
Will    .....        (no amulet)
Stlth   +            (no ring)
HPRegen 0.24/turn    (no ring)
MPRegen 0.09/turn

%: no passive effects
@: no status effects
A: explore regen
a: no special abilities


You were on level 2 of the Dungeon.
You visited 1 branch of the dungeon, and saw 2 of its levels.

You collected 25 gold pieces.

Inventory:

Hand Weapons
 f - a +0 hand axe
 g - a +1 dagger of draining (weapon)
Armour
 c - a +0 buckler (worn)
 h - a +0 ring mail (worn)
Wands
 b - a wand of polymorph (13) (quivered)
Scrolls
 d - a scroll of fear
 j - a scroll of identify
 l - a scroll of immolation {unknown}
 m - a scroll of revelation {unknown}
 n - a scroll of enchant weapon {unknown}
Potions
 a - a potion of ambrosia
 e - a potion of mutation {unknown}
 i - a potion of invisibility {unknown}
 k - a potion of might {unknown}


   Skills:
 + Level 3.2 Fighting
 - Level 1.0 Short Blades
 + Level 1.1 Stealth
 + Level 3.2 Shields
 + Level 1.4 Spellcasting
 + Level 2.4 Evocations


You had 4 spell levels left.
You didn't know any spells.
Your spell library was empty.

Dungeon Overview and Level Annotations

Branches:
Dungeon (2/15)

Altars:

Shops:
D:2 (

Annotations:
D:2 Sigmund


Innate Abilities, Weirdness & Mutations

You regain HP and MP as you explore.


Message History

No target in view!
A bat comes into view.
The bat moves out of view.
You see here a +0 club.
The bat hits you but does no damage.
You hit the bat.
The bat is moderately wounded.
The bat hits you but does no damage. The bat hits you but does no damage.
You hit the bat.
You kill the bat!
No target in view!
No target in view!
Found Geiq's Antique Weapon Shoppe.
No target in view!
No target in view!
There is an entrance to Geiq's Antique Weapon Shoppe here.
Sigmund and an orc come into view.
Found 7 stones.
Sigmund shouts!
The orc shouts!
Sigmund says, "Your kind have come here before.
I understand now why.
You desire death..."
An orc comes into view. It is wielding a +0 whip.
Aiming: Polymorph
Press: ? - help, Shift-Dir - straight line, f - Sigmund
Aim: Sigmund, wielding a +0 scythe and wearing a +0 robe (will become a swamp drake, an orc, or a steam dragon, chance to affect: 64%) Sigmund evaporates and reforms as a steam dragon!
Unknown command.
Sigmund attacks as it pursues you! Sigmund bites you.
Sigmund barely misses you. Sigmund breathes steam at you.
The ball of steam hits you!
You hear a shout! x3
An orc comes into view. It is wielding a +0 whip.
Sigmund attacks as it pursues you! Sigmund bites you but does no damage.
Sigmund claws you. Sigmund bites you. Sigmund barely misses you.
Sigmund breathes steam at you. The ball of steam hits you!!
Ouch! That really hurt!
You die...

#......#.......##.# o#
...##..........##.# o#
##.##.##.......##.# (#
......##.......##.# .#
##.#####.......##.# @#
##...# ##########.# .#
.....# #.#######o#
####.###
######......o..#
....#..#
#....@.###.#####
....≈#.#####.####§###.#
...§§.#)##...#....D.o.#
§≈≈.≈..#.......#≈≈≈####
§≈≈§≈§≈#.#...##..∩≈#
≈.§≈.......#....≈≈≈#
.≈§≈≈§≈#.###########
≈≈≈.≈..#.# ..(≈≈.#.##


You could see Sigmund the steam dragon (catching breath) and an orc.

Vanquished Creatures
  A dart slug (D:1)
  4 bats
  6 endoplasms
  6 goblins
  2 quokkas (D:1)
  3 frilled lizards (D:1)
  A kobold (D:1)
  4 rats (D:1)
27 creatures vanquished.

Notes
Turn   | Place    | Note
-------+----------+-------------------------------------------
     0 | D:1      | Fractals the Human Wanderer began the quest for the Orb.
     0 | D:1      | Fractals set off with the following items: a +0 short
                  | sword, a wand of polymorph (14), a +0 buckler, a scroll of
                  | fear, a +0 robe.
     0 | D:1      | Reached XP level 1. HP: 18/18 MP: 2/2
   126 | D:1      | Reached XP level 2. HP: 22/23 MP: 3/3
   602 | D:1      | Reached skill level 1 in Stealth
   675 | D:1      | Reached XP level 3. HP: 29/29 MP: 5/5
  1123 | D:2      | Found a faded altar of an unknown god.
  1138 | D:2      | Found Geiq's Antique Weapon Shoppe.
  1160 | D:2      | Noticed Sigmund
  1163 | D:2      | Sigmund changed into Sigmund the steam dragon
  1163 | D:2      | Noticed Sigmund
  1174 | D:2      | Killed from afar by Sigmund the steam dragon

Illustrated notes

Levels and vault maps discovered:
D:1:      sevenhm_arrival_forest_fort_large_4, layout_basic, chequers_avenue,
          serial_park_tiny_1, fountainhead
D:2:      layout_loops_cross, shapermc_ecumenical_altar_starsandcircs,
          serial_shops, nicolae_shop_tiny_waterfront, uniq_sigmund, uniq_jessica

Skill      XL: |  1  2 |
---------------+-------+-----
Stealth        | 1 |  1.1
Fighting       | |  3.2
Short Blades   | |  1.0
Shields        | |  3.2
Spellcasting   | |  1.4
Evocations     | |  2.4

Action                     || total
---------------------------++-------
  Melee: Short sword       ||    17
         Dagger            ||    59
  Evoke: Wand              ||     1
    Use: Scroll            ||     1
   Stab: Sleeping          ||     1
 Armour: Robe              ||    13
         Ring mail         ||    21
  Dodge: Dodged            ||    23
  Block: Buckler           ||     8

Table legend: (Time is in decaauts)
 A = Elapsed time spent in this place.
 B = Non-inter-level travel time spent in this place.
 C = Inter-level travel time spent in this place.
 D = Time resting spent in this place.
 E = Time spent auto-exploring this place.
 F = Levels seen in this place.
 G = Mean time per level.
                   A        B        C        D        E       F      G
               +--------+--------+--------+--------+--------+-----+--------+
         Total |   1175 |   1134 |     41 |    200 |    671 |   2 |  587.5 |
       Dungeon |   1175 |   1134 |     41 |    200 |    671 |   2 |  587.5 |
               +--------+--------+--------+--------+--------+-----+--------+

Top non-repeatable levels by time:
     D:1: 1098 daAuts
     D:2: 76 daAuts
